 Dungeon Crawl Stone Soup version 0.25-a0-308-geac79542e2 (webtiles) character file.

Game seed: 78569409374929452, levelgen mode: deterministic

14 mopl the Chopper (level 2, 0/26 HPs)
             Began as a Hill Orc Monk on Dec 21, 2019.
             Slain by a killer bee zombie (1 damage)
             ... on level 2 of the Dungeon.
             The game lasted 00:01:14 (1018 turns).

mopl the Chopper (Hill Orc Monk)                    Turns: 1018, Time: 00:01:14

Health: 0/26       AC:  5    Str: 11 (13) XL:     2   Next: 41%
Magic:  2/2        EV:  8    Int:  7 (10) God:
Gold:   82         SH:  0    Dex: 11 (13) Spells: 1/1 levels left

rFire    + . .     SeeInvis .   a - +0 hand axe
rCold    . . .     Gourm    .   (no shield)
rNeg     . . .     Faith    .   g - +0 ring mail
rPois    .         Spirit   .   (no helmet)
rElec    .         Reflect  .   (no cloak)
rCorr    .         Harm     .   (no gloves)
MR       .....                  (no boots)
Stlth    +.........             (no amulet)
HPRegen  0.08/turn              b - -3 ring of evasion (curse)
MPRegen  0.08/turn              j - ring of protection from fire

@: no status effects
A: no striking features
a: no special abilities


You were on level 2 of the Dungeon.
You were not hungry.

You visited 1 branch of the dungeon, and saw 2 of its levels.

You collected 82 gold pieces.

Inventory:

Hand Weapons
 a - a +0 hand axe (weapon)
Missiles
 d - 42 bolts
 e - 9 poisoned darts (quivered)
Armour
 g - a +0 ring mail (worn)
Jewellery
 b - a cursed -3 ring of evasion (left hand)
 j - a ring of protection from fire (right hand)
Comestibles
 c - a ration
 k - 3 chunks of flesh


   Skills:
 - Level 3.6 Fighting
 + Level 5.0 Axes
 - Level 2.4 Dodging
 - Level 1.5 Stealth


You had one spell level left.
You didn't know any spells.
Your spell library was empty.

Dungeon Overview and Level Annotations

Branches:
Dungeon (2/15)

Altars:
Ashenzari
Cheibriados
Elyvilon
Trog
Vehumet


Message History

The killer bee zombie is moderately damaged.
The killer bee zombie barely misses you.
The killer bee zombie hits you but does no damage.
You closely miss the killer bee zombie.
The killer bee zombie is moderately damaged.
The killer bee zombie barely misses you.
The killer bee zombie hits you but does no damage.
You miss the killer bee zombie.
The killer bee zombie is moderately damaged.
The killer bee zombie hits you.
* * * LOW HITPOINT WARNING * * *
You hit the killer bee zombie.
The killer bee zombie is heavily damaged.
The killer bee zombie closely misses you.
The killer bee zombie hits you but does no damage.
You hit the killer bee zombie.
The killer bee zombie is severely damaged.
The killer bee zombie hits you but does no damage.
The killer bee zombie hits you.
You die...

#..###.# .#
#......# .#
#.###### .# #.##
.# #..# ###.# ##.#
#...# ##)## #.###
#.#.## #Z# .###.#
#########@# #.#..#
#......##.#
##.#.###.####.##.#
###.............#
#####.####.####
#.####.# #......#
########


You could see a killer bee zombie.

Vanquished Creatures
  A worm (D:2)
  2 bats (D:2)
  3 goblins
  A frilled lizard (D:2)
  3 kobolds
  A rat (D:2)
11 creatures vanquished.

Notes
Turn   | Place    | Note
-------+----------+-------------------------------------------
     0 | D:1      | mopl the Hill Orc Monk began the quest for the Orb.
     0 | D:1      | Reached XP level 1. HP: 19/19 MP: 1/1
   822 | D:2      | Found a snail-covered altar of Cheibriados.
   827 | D:2      | Reached XP level 2. HP: 24/26 MP: 2/2
   830 | D:2      | Found a bloodstained altar of Trog.
   831 | D:2      | Found a shattered altar of Ashenzari.
   831 | D:2      | Found a white marble altar of Elyvilon.
   831 | D:2      | Found a radiant altar of Vehumet.
   938 | D:2      | Reached skill level 5 in Axes
  1016 | D:2      | HP: 1/26 [killer bee zombie (1)]
  1018 | D:2      | Slain by a killer bee zombie

Levels and vault maps discovered:
D:1:      evilmike_arrival_crescent, layout_basic, serial_glass,
          glass_columns_a, glass_columns_c, glass_columns_a, glass_columns_b,
          patterned_corridor
D:2:      layout_loops_cross, grunt_temple_overflow_open

Skill      XL: |  1  2 |
---------------+-------+-----
Axes           | 5 |  5.0
Fighting       | |  3.6
Dodging        | |  2.4
Stealth        | |  1.5

Action                   || total
-------------------------++-------
Melee: Hand axe          ||    58
  Use: Scroll            ||     2
       Potion            ||     1
 Stab: Sleeping          ||     1
Armor: Ring mail         ||    22
       Robe              ||     1
Dodge: Dodged            ||    33

Table legend:
 A = Non-vault XP
 B = Vault XP
 C = Vault XP percentage of total XP
 D = Non-vault monster count
 E = Vault monster count
 F = Vault count percentage of total count
                 A         B        C        D         E       F
            +---------+---------+-------+---------+---------+-------
      Total |      20 |       0 |   0.0 |      11 |       0 |   0.0
            +---------+---------+-------+---------+---------+-------
        D:1 |       6 |       0 |   0.0 |       4 |       0 |   0.0
        D:2 |      14 |       0 |   0.0 |       7 |       0 |   0.0
            +---------+---------+-------+---------+---------+-------
